 Dungeon Crawl Stone Soup version 0.29.1-15-g9cfb28693d (webtiles) character file.

Game seed: 12685373343853883900

364 tizbic2 the Trooper (level 6, -2/67 HPs)
             Began as an Ogre Berserker on Apr 18, 2023.
             Was a Believer of Trog.
             Slain by a worm (8 damage)
             ... on level 4 of the Dungeon.
             The game lasted 00:08:33 (2222 turns).

tizbic2 the Trooper (Ogre Berserker)                Turns: 2222, Time: 00:08:34

Health: -2/67      AC:  4    Str: 24    XL:     6   Next: 67%
Magic:  0/6        EV: 10    Int:  8    God:    Trog [**....]
Gold:   202        SH:  0    Dex:  8    Spells: 5/5 levels left

rFire   . . .      SeeInvis .   l - +0 flail
rCold   . . .      Faith    .   (no shield)
rNeg    . . .      Spirit   +   b - +0 animal skin
rPois   .          Reflect  .   (helmet restricted)
rElec   .          Harm     .   c - +0 cloak
rCorr   .          Rampage  .   (gloves unavailable)
Will    .....                   (boots unavailable)
Stlth   +.........              q - amulet of guardian spirit
HPRegen 0.21/turn               (no ring)
MPRegen 0.10/turn               (no ring)

@: on berserk cooldown
A: large, unfitting armour, tough skin 1
a: Renounce Religion, Berserk, Trog's Hand


You were on level 4 of the Dungeon.
You worshipped Trog.
Trog was pleased with you.
You visited 1 branch of the dungeon, and saw 4 of its levels.

You collected 202 gold pieces.

Inventory:

Hand Weapons
 a - a +0 mace
 l - a +0 flail (weapon)
 m - a +0 hand axe
Missiles
 e - 28 stones (quivered)
 n - 3 poisoned darts
Armour
 b - a +0 animal skin (worn)
 c - a +0 cloak (worn)
Jewellery
 q - an amulet of guardian spirit (around neck)
Scrolls
 d - a scroll of butterflies {unknown}
 f - a scroll of fear {unknown}
 h - a scroll of immolation {unknown}
 j - a scroll of vulnerability {unknown}
 k - 4 scrolls of identify {unknown}
 p - a scroll of teleportation {unknown}
Potions
 g - a potion of berserk rage {unknown}
 i - a potion of degeneration {unknown}
 o - a potion of might {unknown}
 r - a potion of heal wounds {unknown}


   Skills:
 + Level 6.1 Fighting
 * Level 4.9 Maces & Flails
 + Level 4.1 Dodging


You had 5 spell levels left.
You didn't know any spells.
Your spell library was empty.

Dungeon Overview and Level Annotations

Branches:
Dungeon (4/15)
 Temple: D:4-7

Altars:
Vehumet
The Shining One

Annotations:
D:3 2 transporters, croobank's ghost, amateur DgFE


Innate Abilities, Weirdness & Mutations

You are too large for most types of armour.
You have tough skin. (AC +1)


Message History

The hobgoblin hits you but does no damage.
The worm closely misses you.
You hit the hobgoblin.
You kill the hobgoblin!
Trog accepts your kill. The scorpion barely misses you. The worm misses you.
You closely miss the scorpion. The scorpion stings you.
The scorpion stings you but does no damage.
The worm closely misses you.
The scorpion stings you but does no damage.
You sock the scorpion!
The scorpion is severely wounded.
The scorpion stings you.
* * * LOW HITPOINT WARNING * * *
The worm bites you but does no damage.
The scorpion stings you but does no damage.
You barely miss the scorpion.
The scorpion is severely wounded.
The scorpion stings you but does no damage.
The worm bites you.
* * * LOW HITPOINT WARNING * * *
The scorpion stings you but does no damage.
You sock the scorpion!
You kill the scorpion!
Trog accepts your kill. The worm bites you!
* * * LOW HITPOINT WARNING * * *
Your Fighting skill increases to level 6!
You hit the worm.
The worm is moderately wounded.
The worm barely misses you.
You thump the worm!
The worm is severely wounded.
The worm bites you.
* * * LOW HITPOINT WARNING * * *
You hit the worm.
The worm is almost dead.
You feel yourself speed up. The worm bites you!
You die...

##.....#. #
#.....#+###....... #.
#.....#....#..#..# ..
#.....#....#......
..##.....#....#..#.#.
........#....#......
#......#....#..#..#
#)w...#####.......
#@......###'#.[.#.
#.......#...# ....
#......)'...# ...
#.......##### ##
.....#.........
#...............
######..........#
#.......)..#
#[.........#


You could see a worm.

Vanquished Creatures
  A black bear (D:4)
  A necrophage (D:4)
  A scorpion (D:4)
  An iguana (D:4)
  An orc wizard (D:4)
  3 gnolls (D:3)
  An adder (D:2)
  A worm (D:2)
  A dart slug (D:3)
  3 orcs
  7 ball pythons
  2 bats
  An endoplasm (D:1)
  4 giant cockroaches
  4 goblins
  6 hobgoblins
  5 quokkas
  4 frilled lizards
  10 kobolds
  A rat (D:2)
58 creatures vanquished.

Vanquished Creatures (others)
  5 plants (D:3)
5 creatures vanquished.

Grand Total: 63 creatures vanquished

Notes
Turn   | Place    | Note
-------+----------+-------------------------------------------
     0 | D:1      | tizbic2 the Ogre Berserker began the quest for the Orb.
     0 | D:1      | Reached XP level 1. HP: 24/24 MP: 1/1
    76 | D:1      | Reached XP level 2. HP: 25/32 MP: 2/2
   761 | D:2      | Reached XP level 3. HP: 40/40 MP: 3/3
   887 | D:2      | Reached ** piety under Trog
  1102 | D:3      | Reached XP level 4. HP: 36/49 MP: 4/4
  1120 | D:3      | Reached skill level 5 in Fighting
  1610 | D:3      | Found a transporter.
  1619 | D:3      | Found a transporter.
  1625 | D:3      | Noticed croobank's ghost (amateur DgFE)
  1797 | D:3      | Found a faded altar of an unknown god.
  1810 | D:3      | Found a glowing golden altar of the Shining One.
  1984 | D:4      | Found a radiant altar of Vehumet.
  2016 | D:4      | Reached XP level 5. HP: 37/57 MP: 2/5
  2177 | D:4      | Noticed a black bear
  2187 | D:4      | Killed a black bear
  2195 | D:4      | Reached XP level 6. HP: 56/67 MP: 4/6
  2220 | D:4      | Reached skill level 6 in Fighting
  2222 | D:4      | Slain by a worm

Illustrated notes

Levels and vault maps discovered:
D:1:      mrwooster_arrival_statue_3, layout_rooms
D:2:      layout_rooms, corexii_item_surrounded_by_moat
D:3:      layout_loops_cross, mainiacjoe_overflow_alcove_1,
          gammafunk_ghost_gnarly_gnolls, hellmonk_ecumenical_altar_crossroads
D:4:      layout_gridville, nicolae_vehumet_radiance, minmay_misc_feat_hallway,
          hangedman_abyss_or_decor_lesser_grid, nicolae_wooded_promenade,
          minmay_ruined_shrine, uniq_sigmund

Skill      XL: |  1  2  3  4  5  6 |
---------------+-------------------+-----
Maces & Flails | 3 4 |  4.9
Dodging        | 3 4 |  4.1
Fighting       | 5 6 |  6.1

Action                   |  1- 3 |  4- 6 || total
-------------------------+-------+-------++-------
Melee: Mace              |    67 |       ||    67
       Punch             |     1 |       ||     1
       Flail             |     9 |    95 ||   104
Invok: Berserk           |     3 |     2 ||     5
 Stab: Sleeping          |     1 |       ||     1
Armor: Animal skin       |    33 |    38 ||    71
Dodge: Dodged            |    48 |    64 ||   112
